 Dungeon Crawl Stone Soup version 0.26.1-2-gb8aa6d0 (webtiles) character file.

Game seed: 6254389017754102020

46 Geeful the Sneak (level 3, 0/26 HPs)
             Began as an Octopode Delver on Mar 21, 2021.
             Slain by Menkaure (15 damage)
             ... in an ossuary.
             The game lasted 00:05:29 (991 turns).

Geeful the Sneak (Octopode Delver)                   Turns: 991, Time: 00:05:29

Health: 0/26       AC:  1    Str: 11    XL:     3   Next: 68%
Magic:  4/4        EV: 14    Int: 13    God:
Gold:   0          SH:  0    Dex: 13    Spells: 4/4 levels left

rFire    . . .     SeeInvis .   a - +0 short sword
rCold    . . .     Faith    .   (no shield)
rNeg     . . .     Spirit   .   (helmet restricted)
rPois    .         Reflect  .   (no amulet)
rElec    .         Harm     .   (no ring)
rCorr    .         Rampage  .   (no ring)
Will     .....                  (no ring)
Stlth    ++++......             (no ring)
HPRegen  0.08/turn              (no ring)
MPRegen  0.09/turn              (no ring)
                                (no ring)
                                (no ring)

@: hasted, very quick
A: almost no armour, stealthy swim, amphibious, 8 rings, constrict 8, camouflage
1, gelatinous body 1
a: no special abilities


You were in an ossuary.
You visited 1 branch of the dungeon, and saw 2 of its levels.
You also visited: Ossuary.

Inventory:

Hand Weapons
 a - a +0 short sword (weapon)
Wands
 f - a wand of digging (3)
Scrolls
 b - a scroll of fog
 c - a scroll of magic mapping
 d - a scroll of fear


   Skills:
 + Level 3.4 Fighting
 - Level 2.0 Short Blades
 + Level 2.5 Dodging
 + Level 7.1 Stealth
 + Level 1.1 Spellcasting


You had 4 spell levels left.
You didn't know any spells.
Your spell library was empty.

Dungeon Overview and Level Annotations

Branches:
Dungeon (6/15)            Ossuary (1/1)
 Temple: D:4-7

Altars:

Annotations:
Ossuary Menkaure


Innate Abilities, Weirdness & Mutations

You cannot wear most types of armour.
You are very stealthy in the water. (Stealth+)
You are amphibious.
You can wear up to eight rings at the same time.
You can use your tentacles to constrict eight enemies at once.
Your skin changes colour to match your surroundings (Stealth+).
Your rubbery body absorbs attacks. (AC +1, EV +1)


Message History

You hit Menkaure. You grab Menkaure.
Menkaure is moderately damaged.
You constrict Menkaure, but do no damage.
Menkaure closely misses you.
You hit Menkaure. You squeeze Menkaure.
Menkaure is heavily damaged.
You constrict Menkaure, but do no damage.
Menkaure completely misses you.
You hit Menkaure.
Menkaure is heavily damaged.
You constrict Menkaure. Menkaure closely misses you.
You hit Menkaure but do no damage. You squeeze Menkaure.
Menkaure is severely damaged.
You constrict Menkaure, but do no damage.
An arrow hits the kobold skeleton!
You hit Menkaure. You squeeze Menkaure, but do no damage.
Menkaure is almost destroyed.
You constrict Menkaure. Menkaure hits you!
Ouch! That really hurt!
You die...

##..####^.##
##..######..##
##..##....##..##
##..##..##..##..##
##..##..####..##..##
##^.##..######..##.^##
##..##..##..^.##..##..##
##..##.^##..##MZ##..##..##
##..##..##..#
##@.##..##..##
#..##..##..#
##..##..##..## ..##..##..#
##..##.^##..## .##..##..#
##^.##..##..## ##..##..#
##..##..##..## #..## .#
##..##..##.^## ..##
##..##..##..# .##
##..##..##.. ##
##^.##..##.


You could see Menkaure (fast) and a kobold skeleton.

Vanquished Creatures
  2 mummies (Ossuary)
  2 gnoll zombies (Ossuary)
  3 gnoll skeletons (Ossuary)
  3 goblin skeletons (Ossuary)
  5 goblin zombies (Ossuary)
  5 hobgoblin skeletons (Ossuary)
  3 hobgoblin zombies (Ossuary)
  2 kobold skeletons (Ossuary)
  3 kobold zombies (Ossuary)
  3 orc skeletons (Ossuary)
  4 orc zombies (Ossuary)
  4 rat skeletons (Ossuary)
  5 rat zombies (Ossuary)
44 creatures vanquished.

Vanquished Creatures (others)
  A hobgoblin skeleton (Ossuary)
  A hobgoblin zombie (Ossuary)
  A kobold skeleton (Ossuary)
  A kobold zombie (Ossuary)
  An orc skeleton (Ossuary)
  A rat zombie (Ossuary)
6 creatures vanquished.

Grand Total: 50 creatures vanquished

Notes
Turn   | Place    | Note
-------+----------+-------------------------------------------
     0 | D:5      | Geeful the Octopode Delver began the quest for the Orb.
     0 | D:5      | Reached XP level 1. HP: 16/16 MP: 1/1
     2 | D:6      | Found a sand-covered staircase.
     9 | Ossuary  | Entered an ossuary
    71 | Ossuary  | Reached XP level 2. HP: 11/21 MP: 2/2
   679 | Ossuary  | Reached skill level 7 in Stealth
   679 | Ossuary  | Reached skill level 1 in Spellcasting
   679 | Ossuary  | Reached XP level 3. HP: 24/26 MP: 4/4
   981 | Ossuary  | Noticed Menkaure
   991 | Ossuary  | Slain by Menkaure

Illustrated notes

Levels and vault maps discovered:
D:5:      layout_loops_cross, minmay_temple_entry_large_hall,
          grunt_decor_mini_mirrors, minivault_5, nicolae_zen_rock_garden,
          minmay_fractal_squares_5
D:6:      layout_layer_cave, enter_ossuary_4, minmay_misc_feat_x,
          corexii_hall_statues_x, lightli_orcish_oven
Ossuary:  ossuary_due_pyramid

Skill      XL: |  1  2 |
---------------+-------+-----
Stealth        | 7 |  7.1
Spellcasting   | 1 |  1.1
Fighting       | |  3.4
Short Blades   | |  2.0
Dodging        | |  2.5

Action                   || total
-------------------------++-------
Melee: Short sword       ||    89
       Constrict         ||    33
       Tentacles         ||    26
  Use: Potion            ||     1
 Stab: Sleeping          ||     2
Dodge: Dodged            ||    29
